 Dungeon Crawl Stone Soup version 0.21-a0-19-g210df22 (webtiles) character file.

12913 grindst0ne the Cleaver (level 11, -4/104 HPs)
             Began as a Purple Draconian Berserker on May 24, 2017.
             Was a High Priest of Trog.
             Slain by a salamander
             ... wielding a +2 halberd of freezing
              (6 damage)
             ... in a volcano.
             The game lasted 00:40:19 (12900 turns).

grindst0ne the Cleaver (DrBe)                      Turns: 12900, Time: 00:40:20

Health: -4/104     AC: 13    Str: 19    XL:     11   Next: 68%
Magic:  16/16      EV: 13    Int:  7    God:    Trog [*****.]
Gold:   497        SH:  0    Dex: 13    Spells: 10/10 levels left

rFire    + . .     SeeInvis .   O - +3 battleaxe (elec)
rCold    . . .     Gourm    .   (shield currently unavailable)
rNeg     . . .     Faith    .   (armour unavailable)
rPois    .         Spirit   .   n - +1 hat
rElec    .         Reflect  .   (no cloak)
rCorr    .         Harm     +   l - +1 pair of gloves
MR       +++..     Rnd*Rage +   L - +2 pair of boots {run}
Stlth    +.........             a - amulet of harm
Regen    1.3/turn               u - ring of protection from fire
MPRegen  0.2/turn               (no ring)

@: berserk cooldown, regenerating, slowed, very slow
A: breathe power, unfitting armour, horns 1, stinger 1, berserk 1, clumsy 1,
cold-blooded, AC +7
a: Breathe Dispelling Energy, Berserk, Trog's Hand, Brothers in Arms, Burn
Spellbooks, Renounce Religion


You were in a volcano.
You worshipped Trog.
Trog was extremely pleased with you.
You were near starving.

You visited 2 branches of the dungeon, and saw 11 of its levels.
You also visited: Sewer, Bailey and Volcano.

You collected 783 gold pieces.
You spent 286 gold pieces at shops.

Inventory:

Hand Weapons
 M - a +1 scimitar of flaming
 O - a +3 battleaxe of electrocution (weapon)
Missiles
 g - 16 tomahawks of returning (quivered)
 B - 7 curare-tipped needles
 G - 19 javelins of returning
Armour
 j - a +0 large shield
 l - a +1 pair of gloves (worn)
 n - a +1 hat (worn)
 L - a +2 pair of boots of running (worn)
Jewellery
 a - an amulet of harm (around neck)
 u - a ring of protection from fire (left hand)
 C - a +3 ring of protection
Wands
 D - a wand of disintegration (8/24)
 E - a wand of lightning (10/15)
 N - a wand of digging (8/24)
Scrolls
 f - 5 scrolls of remove curse
 o - 5 scrolls of immolation
 p - 2 scrolls of fear
 q - 3 scrolls of teleportation
 w - 3 scrolls of enchant armour
 H - a scroll of recharging
 K - 3 scrolls of enchant weapon
 P - 2 scrolls of fog
Potions
 c - 7 potions of flight
 d - a potion of haste
 e - 5 potions of brilliance
 h - a potion of resistance
 i - a potion of agility
 k - 2 potions of heal wounds
 r - 3 potions of ambrosia
 x - 2 potions of lignification
 F - a potion of berserk rage {unknown}
 J - a potion of curing
Comestibles
 b - 5 bread rations
 m - 10 fruits
 t - a royal jelly
 A - 7 meat rations


   Skills:
 - Level 12.1 Fighting
 * Level 12.5 Axes
 + Level 5.1 Throwing
 - Level 2.6 Dodging
 - Level 7.6 Evocations


You had 10 spell levels left.
You didn't know any spells.

Dungeon Overview and Level Annotations

Branches:
Dungeon (9/15)             Temple (0/1) D:5            Lair (2/6) D:9
  Swamp: Lair:2-4    Shoals: Lair:2-4     Snake: Lair:2-4    Spider: Lair:2-4
    Orc: D:9-12

Altars:
Gozag
Hepliaklqana
Kikubaaqudgha
The Shining One

Shops:
D:6 }

Annotations:
Lair:1 exclusion: 2 oklob plants


Innate Abilities, Weirdness & Mutations

You can breathe bolts of dispelling energy.
Your rich purple scales are hard. (AC +7)
You cannot fit into any form of body armour.
You are cold-blooded and may be slowed by cold attacks.
You have a pair of small horns on your head.
Your tail ends in a poisonous barb.
You tend to lose your temper in combat.
You are clumsy. (Dex -2)


Message History

* * * LOW HITPOINT WARNING * * *
You feel as though you will be slow longer.
The salamander freezes you.
* * * LOW HITPOINT WARNING * * *
Evoke which item? (* to show all) (? for menu, Esc to quit)
Okay, then.
Your skin crawls.
You feel resistant to hostile enchantments.
You are near starving!
The salamander hits you from afar with a halberd of freezing.
* * * LOW HITPOINT WARNING * * *
You are engulfed in flames.
You resist.
* * * LOW HITPOINT WARNING * * *
You feel as though you will be slow longer.
The salamander freezes you.
* * * LOW HITPOINT WARNING * * *
The salamander hits you from afar with a halberd of freezing!
* * * LOW HITPOINT WARNING * * *
You are engulfed in flames.
You resist.
You die...

#..§§ ##....§§≈≈≈≈≈....#.
##....≈§≈≈≈≈≈≈≈≈.....
##...§§≈≈≈§§≈§≈≈§§....
#...§§§≈≈§§≈≈§≈≈≈....#
#...§≈§≈≈≈≈§§≈≈§≈≈....
####...§§§≈≈≈§≈§§≈≈.....#
##.........≈≈§≈§§≈§§......
#####..§#..#....@.N§.=§.....#
#.#..≈.######..###.§#.....###
.....≈≈≈≈§§##### ######)###
∩∩...≈≈≈≈§## ..∩ ....≈§≈≈≈§#
.$.). ≈...≈≈≈≈≈## !§[..#
≈≈≈≈≈≈≈### §§§§≈≈# ≈§≈≈≈≈##
§≈≈§§## ≈§§§### ≈§§§##


You could see a salamander.

Vanquished Creatures
  Erica (D:8)
  The ghost of kuniqs the Shield-Bearer, a novice HaFi of Uskayaw (D:8)
  A hell knight (Volcano)
  Pikel (D:8)
  A salamander (Volcano)
  A black mamba (Lair:2)
  The ghost of Lochraine the Sneak, a novice DECj of Sif Muna (D:6)
  Joseph (D:7)
  2 spiny frogs (Lair:1)
  Grinder (D:5)
  A hippogriff (Lair:1)
  4 yaks (D:9)
  A wyvern (Lair:2)
  A basilisk (Lair:1)
  Edmund (D:5)
  3 porcupines
  4 water moccasins
  2 hell hounds (Lair:2)
  Purgy (Sewer)
  A sky beast (D:8)
  14 orc warriors
  An ice beast (D:8)
  2 necrophages
  A hornet zombie (D:9)
  2 phantoms
  The ghost of tilp the Conjurer, an amateur DrCj (Sewer)
  7 ogres
  11 centaurs
  5 crocodiles
  7 bullfrogs
  6 killer bees (D:8)
  7 howler monkeys
  3 crimson imps
  A quasit (D:9)
  A bullfrog skeleton (D:5)
  A bullfrog zombie (D:5)
  A jelly (D:8)
  A centaur skeleton (D:7)
  4 hounds
  8 orc priests
  14 orc wizards
  Terence (D:2)
  2 iguanas
  7 worker ants
  A killer bee zombie (D:8)
  A worker ant zombie (D:8)
  11 adders
  A river rat (D:4)
  A shadow imp (D:8)
  2 oozes
  An adder skeleton (D:4)
  An adder zombie (D:5)
  4 worms
  2 dart slugs
  6 leopard geckos
  62 orcs
  10 ball pythons
  4 giant cockroaches (D:4)
  6 hobgoblins
  12 jackals
  A quokka (D:4)
  13 bats
  9 frilled lizards
  A giant cockroach zombie (D:5)
  11 goblins
  6 kobolds
  A leopard gecko skeleton (D:6)
  A quokka skeleton (D:9)
  7 rats
313 creatures vanquished.

Vanquished Creatures (others)
  A slave (D:8)
  An ogre (D:8)
  An adder skeleton (D:8)
  A jackal (D:7)
  A plant (Lair:1)
5 creatures vanquished.

Grand Total: 318 creatures vanquished

Notes
Turn   | Place    | Note
-------+----------+-------------------------------------------
     0 | D:1      | grindst0ne the Draconian Berserker began the quest for the Orb.
     0 | D:1      | Reached XP level 1. HP: 19/19 MP: 1/1
   417 | D:1      | Reached XP level 2. HP: 26/26 MP: 2/2
   979 | D:2      | Reached ** piety under Trog
  1001 | D:2      | Reached XP level 3. HP: 33/33 MP: 3/3
  1517 | D:2      | Noticed Terence
  1617 | D:2      | Killed Terence
  1617 | D:2      | Reached XP level 4. HP: 27/41 MP: 4/4
  1968 | D:2      | Reached skill level 5 in Fighting
  1968 | D:2      | Reached XP level 5. HP: 36/48 MP: 5/5
  2286 | D:2      | Reached skill level 5 in Axes
  3157 | D:3      | Reached XP level 6. HP: 57/57 MP: 6/6
  3731 | D:4      | Found a glowing drain.
  3737 | D:4      | Reached *** piety under Trog
  3748 | D:4      | Your scales start taking on a rich purple colour.
  3748 | D:4      | Reached XP level 7. HP: 64/64 MP: 7/7
  3764 | Sewer    | Entered a sewer
  3764 | Sewer    | Noticed tilp's ghost (amateur DrCj)
  3772 | Sewer    | Killed tilp's ghost
  3822 | Sewer    | Noticed Purgy
  3841 | Sewer    | Killed Purgy
  4556 | D:5      | Entered Level 5 of the Dungeon
  4571 | D:5      | Reached XP level 8. HP: 71/74 MP: 8/8
  4755 | D:5      | Noticed Edmund
  4761 | D:5      | Received a gift from Trog
  4774 | D:5      | Killed Edmund
  4818 | D:5      | Found a staircase to the Ecumenical Temple.
  4927 | D:5      | Noticed Grinder
  4928 | D:5      | Paralysed by Grinder for 4 turns
  4937 | D:5      | Killed Grinder
  5020 | D:5      | Found a hazy altar of Hepliaklqana.
  5317 | D:6      | Noticed Lochraine's ghost (novice DECj)
  5353 | D:6      | Killed Lochraine's ghost
  5353 | D:6      | Reached XP level 9. HP: 40/85 MP: 9/9
  5821 | D:6      | Reached **** piety under Trog
  6064 | D:6      | Found Yletupp's Gadget Shoppe.
  6069 | D:6      | Bought a wand of disintegration (18/24) for 286 gold pieces
  6385 | D:6      | Reached skill level 10 in Fighting
  6732 | D:7      | Noticed Joseph
  6749 | D:7      | Killed Joseph
  7547 | D:8      | Reached skill level 10 in Axes
  7664 | D:8      | Found an opulent altar of Gozag.
  7780 | D:8      | Reached XP level 10. HP: 93/93 MP: 13/13
  7788 | D:8      | Found a flagged portal.
  7795 | Bailey   | Entered a bailey
  7802 | Bailey   | Reached ***** piety under Trog
  7930 | Bailey   | Received a gift from Trog
  7981 | Bailey   | Reached skill level 5 in Evocations
  9307 | Bailey   | Reached skill level 1 in Throwing
  9373 | Bailey   | Identified a +2 pair of boots of running (You found it in a bailey)
  9631 | D:8      | Noticed Pikel
  9639 | D:8      | Killed Pikel
  9851 | D:8      | Found a glowing golden altar of the Shining One.
  9857 | D:8      | Noticed kuniqs's ghost (novice HaFi)
  9882 | D:8      | Killed kuniqs's ghost
 10099 | D:8      | Noticed Erica
 10106 | D:8      | Killed Erica
 10106 | D:8      | Reached XP level 11. HP: 104/104 MP: 16/16
 10129 | D:8      | Found an ancient bone altar of Kikubaaqudgha.
 10428 | D:9      | Received a gift from Trog
 10807 | D:9      | Found a staircase to the Lair.
 11225 | D:9      | Gained mutation: You tend to lose your temper in combat. [potion of mutation]
 11225 | D:9      | Gained mutation: You have a pair of small horns on your head. [potion of mutation]
 11225 | D:9      | Gained mutation: You are clumsy. (Dex -2) [potion of mutation]
 11225 | D:9      | Gained mutation: Your tail ends in a poisonous barb. [potion of mutation]
 11258 | Lair:1   | Entered Level 1 of the Lair of Beasts
 11599 | Lair:1   | Noticed an oklob plant
 11599 | Lair:1   | Noticed an oklob plant
 12764 | Lair:2   | Found a dark tunnel.
 12858 | Volcano  | Entered a volcano
 12877 | Volcano  | Noticed a hell knight
 12884 | Volcano  | Killed a hell knight
 12884 | Volcano  | Reached skill level 5 in Throwing
 12900 | Volcano  | HP: 2/104 [salamander/halberd of freezing (19)]
 12900 | Volcano  | Slain by a salamander

Vault maps used:
D:1:      saegor_arrival_simple_f
D:2:      cheibrodos_pilgrimage, minmay_snake_closets, uniq_terence
D:4:      cheibrodos_barr_body, portal_sewer_entry_c
D:5:      kennysheep_little_box, minmay_temple_entry_mist, first_bread,
          uniq_grinder, uniq_edmund
D:6:      serial_shops, nicolae_shop_crystal, serial_bayou, serial_bayou_pond_a,
          serial_bayou_lagoon_a, serial_bayou_shore_b, serial_bayou_crossing
D:7:      kennysheep_small_spiral, kennysheep_nondescript, grunt_ogre_cave,
          lightli_corner_chamber, uniq_joseph
D:8:      nicolae_overflow_crystal_walls, old_standard_altar, kennysheep_mini,
          enter_bailey_3, uniq_erica, uniq_pikel
D:9:      lair_entry_dummy
Lair:1:   minmay_lair_oklob_chamber
Lair:2:   enter_volcano_3, grunt_megastairs_1, serial_bayou_shore_a,
          infiniplex_staircase_pool
Sewer:    sewer_big_baddie
Bailey:   bailey_polearm_flooded_kennysheep, bailey
Volcano:  volcano_pools

Skill      XL: |  1  2  3  4  5  6  7  8  9 10 11 |
---------------+----------------------------------+-----
Fighting       | 4 5 6 7 9 10 11 12 | 12.1
Axes           | 4 5 6 7 9 10 11 12 | 12.5
Evocations     | 4 7 |  7.6
Throwing       | 3 5 |  5.1
Dodging        | |  2.6

Action                   |  1- 3 |  4- 6 |  7- 9 | 10-12 || total
-------------------------+-------+-------+-------+-------++-------
Melee: Hand axe          |    92 |   199 |   437 |   290 ||  1018
       Tailslap          |     6 |    22 |    62 |    68 ||   158
       Unarmed           |    22 |       |       |       ||    22
       Battleaxe         |       |       |       |   121 ||   121
       Headbutt          |       |       |       |    11 ||    11
Invok: Berserk           |       |     1 |     9 |     9 ||    19
       Burn Spellbooks   |       |       |     1 |       ||     1
       Trog's Hand       |       |       |       |     4 ||     4
Evoke: Wand              |       |       |       |    16 ||    16
  Use: Scroll            |     1 |     3 |    14 |     4 ||    22
       Potion            |       |       |       |     7 ||     7
 Stab: Distracted        |     1 |       |     1 |       ||     2
       Sleeping          |     1 |     1 |     1 |     1 ||     4
  Eat: Chunk             |     2 |     6 |    19 |    15 ||    42
       Fruit             |       |     2 |     2 |       ||     4
       Bread ration      |       |     1 |       |     2 ||     3
       Royal jelly       |       |       |       |     1 ||     1
Armor: Skin              |    29 |    78 |   161 |   149 ||   417
Dodge: Dodged            |    78 |   191 |   245 |   293 ||   807
